 Dungeon Crawl Stone Soup version 0.21.1-1-g345015f (webtiles) character file.

56 tidbits the Insei (level 3, -4/28 HPs)
             Began as a Gnoll Transmuter on Feb 20, 2018.
             Slain by a worm (6 damage)
             ... on level 3 of the Dungeon.
             The game lasted 00:02:32 (269 turns).

tidbits the Insei (Gnoll Transmuter)                 Turns: 269, Time: 00:02:33

Health: -4/28      AC:  2    Str: 12    XL:     3   Next: 95%
Magic:  8/9        EV: 15    Int: 16    God:
Gold:   19         SH:  0    Dex: 15    Spells: 9/12 levels left

rFire    . . .     SeeInvis .   a - +0 short sword (elec)
rCold    . . .     Gourm    .   (no shield)
rNeg     . . .     Faith    .   b - +0 robe
rPois    .         Spirit   .   (no helmet)
rElec    .         Reflect  .   (no cloak)
rCorr    .         Harm     +   (no gloves)
MR       .....                  (no boots)
Stlth    ++........             m - amulet of harm
HPRegen  0.09/turn              (no ring)
MPRegen  0.11/turn              (no ring)

@: no status effects
A: distributed training, fangs 1, strong nose
a: no special abilities


You were on level 3 of the Dungeon.
You were not hungry.

You visited 1 branch of the dungeon, and saw 3 of its levels.

You collected 19 gold pieces.

Inventory:

Hand Weapons
 a - a +0 short sword of electrocution (weapon)
   (You took it off a kobold on level 1 of the Dungeon)
 e - a cursed +0 hunting sling
Missiles
 g - 36 arrows
Armour
 b - a +0 robe (worn)
Jewellery
 m - an amulet of harm (around neck)
   (You found it on level 2 of the Dungeon)
Scrolls
 h - 3 scrolls of remove curse {unknown}
 i - a scroll of teleportation {unknown}
 j - a scroll of identify {unknown}
 k - a scroll of fear {unknown}
 l - a scroll of immolation {unknown}
 n - a scroll of enchant weapon {unknown}
Potions
 f - a potion of flight {unknown}
Books
 c - a book of Changes

   Spells                             Type                      Level
   a - Beastly Appendage              Transmutation                1
   b - Sticks to Snakes               Transmutation                2
   c - Spider Form                    Transmutation/Poison         3
   d - Ice Form                       Ice/Transmutation            4
   e - Blade Hands                    Transmutation                5
Comestibles
 d - 3 rations


   Skills:
 + Level 2.6 Fighting
 + Level 1.0 Short Blades
 + Level 1.0 Long Blades
 + Level 1.0 Axes
 + Level 1.0 Maces & Flails
 + Level 1.0 Polearms
 + Level 1.0 Staves
 + Level 1.0 Slings
 + Level 1.0 Bows
 + Level 1.0 Crossbows
 + Level 1.0 Throwing
 + Level 1.0 Armour
 + Level 4.6 Dodging
 + Level 1.0 Stealth
 + Level 1.0 Shields
 + Level 6.5 Unarmed Combat
 + Level 5.0 Spellcasting
 + Level 0.7 Conjurations
 + Level 0.7 Hexes
 + Level 0.7 Charms
 + Level 0.7 Summonings
 + Level 0.7 Necromancy
 + Level 0.7 Translocations
 + Level 3.8 Transmutations
 + Level 0.7 Fire Magic
 + Level 0.7 Ice Magic
 + Level 0.7 Air Magic
 + Level 0.7 Earth Magic
 + Level 0.7 Poison Magic
 + Level 1.0 Invocations
 + Level 1.0 Evocations


You had 9 spell levels left.
You knew the following spells:

 Your Spells              Type           Power        Failure   Level  Hunger
e - Beastly Appendage     Tmut           ###...       3%          1    None
k - Sticks to Snakes      Tmut           ###.....     4%          2    #......


Dungeon Overview and Level Annotations

Branches:
Dungeon (3/15)

Altars:


Innate Abilities, Weirdness & Mutations

Your experience applies equally to all skills.
You have very sharp teeth.
Your uncanny sense of smell can sniff out nearby items.


Message History

Your experience leads to an increase in your attributes!
Increase (S)trength, (I)ntelligence, or (D)exterity?
You feel clever.
Your transformation is almost over.
You see here a leopard gecko corpse.
Casting: Beastly Appendage
Confirm with . or Enter, or press ? or * to list all spells.
You don't know that spell.
Casting: Beastly Appendage
Confirm with . or Enter, or press ? or * to list all spells.
You extend your transformation's duration.
You open the large door.
A rat and a crimson imp come into view.
The crimson imp shouts!
There is a large open door here.
Unknown command.
Casting: Beastly Appendage
Confirm with . or Enter, or press ? or * to list all spells.
You create a snake!
You now have 36 arrows.
You barely miss the crimson imp. The crimson imp hits you.
* * * LOW HITPOINT WARNING * * *
The orc hits you with a whip.
* * * LOW HITPOINT WARNING * * *
You hit the crimson imp but do no damage.
The crimson imp hits you.
* * * LOW HITPOINT WARNING * * *
Your ball python completely misses the crimson imp.
Your ball python grabs the crimson imp.
Your ball python constricts the crimson imp.
The orc barely misses you.
You hit the crimson imp but do no damage.
You claw the crimson imp.
The crimson imp is moderately wounded.
Your ball python bites the crimson imp.
Your ball python constricts the crimson imp.
The rat closely misses you. The crimson imp closely misses you.
The orc hits you with a whip.
* * * LOW HITPOINT WARNING * * *
You hit the crimson imp but do no damage.
You punch the crimson imp.
The crimson imp is severely wounded.
Your ball python completely misses the crimson imp.
Your ball python constricts the crimson imp.
The crimson imp closely misses you. The rat bites you.
* * * LOW HITPOINT WARNING * * *
The orc barely misses you.
Your ball python bites the crimson imp.
Your ball python constricts the crimson imp.
You barely miss the crimson imp.
You bite the crimson imp, but do no damage.
The crimson imp is almost dead.
The crimson imp barely misses you. The rat closely misses you.
The orc hits you with a whip.
* * * LOW HITPOINT WARNING * * *
Your ball python bites the crimson imp but does no damage.
Your ball python constricts the crimson imp.
You hit the crimson imp.
You kill the crimson imp!
Your Short Blades skill increases to level 1!
Your Long Blades skill increases to level 1!
Your Axes skill increases to level 1!
Your Maces & Flails skill increases to level 1!
Your Polearms skill increases to level 1!
Your Staves skill increases to level 1!
Your Slings skill increases to level 1!
Your Bows skill increases to level 1!
Your Crossbows skill increases to level 1!
Your Throwing skill increases to level 1!
Your Armour skill increases to level 1!
Your Stealth skill increases to level 1!
Your Shields skill increases to level 1!
Your Spellcasting skill increases to level 5!
Your Invocations skill increases to level 1!
Your Evocations skill increases to level 1!
The rat closely misses you. The orc barely misses you.
The rat barely misses you.
There is a large open door here.
You hit the orc but do no damage. Lightning courses through the orc!
You kill the orc!
The rat misses you.
You hit the rat but do no damage. You claw the rat.
The rat is heavily wounded.
Your ball python bites the rat but does no damage.
Your ball python closely misses the rat.
The rat misses you.
You hit the rat. Lightning courses through the rat!
You kill the rat!
Your transformation is almost over.
There is a large open door, spattered with blood here.
Things that are here:
a whip; a scale mail; an orc corpse You see here a rat corpse.
There is a large open door, spattered with blood here.
Things that are here:
a whip; a scale mail; an orc corpse
Found an escape hatch in the ceiling.
A worm comes into view.
Your talons disappear.
You hit the worm.
The worm is lightly wounded.
The worm bites you.
You die...

............###)'###
........[........#
...............###
...............#
...............#
........†......#
...........)...#########
................Sw......
......##.$......@.......
....###########.........
.... #....<.... ...
#......... ..........
#.......... #..........
...........


You could see a worm and a friendly ball python.

Vanquished Creatures
  A crimson imp (D:3)
  4 leopard geckos
  An orc (D:3)
  3 goblins
  A hobgoblin (D:3)
  4 jackals (D:2)
  A quokka (D:2)
  A ball python (D:2)
  A frilled lizard (D:1)
  2 kobolds
  A rat (D:3)
20 creatures vanquished.

Notes
Turn   | Place    | Note
-------+----------+-------------------------------------------
     0 | D:1      | tidbits the Gnoll Transmuter began the quest for the Orb.
     0 | D:1      | Reached XP level 1. HP: 17/17 MP: 6/6
    85 | D:2      | Reached XP level 2. HP: 16/23 MP: 5/7
   216 | D:3      | Learned a level 2 spell: Sticks to Snakes
   236 | D:3      | Reached XP level 3. HP: 12/28 MP: 9/9
   252 | D:3      | HP: 1/28 [orc/whip (3)]
   253 | D:3      | Reached skill level 1 in Short Blades
   253 | D:3      | Reached skill level 1 in Long Blades
   253 | D:3      | Reached skill level 1 in Axes
   253 | D:3      | Reached skill level 1 in Maces & Flails
   253 | D:3      | Reached skill level 1 in Polearms
   253 | D:3      | Reached skill level 1 in Staves
   253 | D:3      | Reached skill level 1 in Slings
   253 | D:3      | Reached skill level 1 in Bows
   253 | D:3      | Reached skill level 1 in Crossbows
   253 | D:3      | Reached skill level 1 in Throwing
   253 | D:3      | Reached skill level 1 in Armour
   253 | D:3      | Reached skill level 1 in Stealth
   253 | D:3      | Reached skill level 1 in Shields
   253 | D:3      | Reached skill level 5 in Spellcasting
   253 | D:3      | Reached skill level 1 in Invocations
   253 | D:3      | Reached skill level 1 in Evocations
   269 | D:3      | Slain by a worm

Skill      XL: |  1  2  3 |
---------------+----------+-----
Short Blades   | 1 |  1.0
Long Blades    | 1 |  1.0
Axes           | 1 |  1.0
Maces & Flails | 1 |  1.0
Polearms       | 1 |  1.0
Staves         | 1 |  1.0
Slings         | 1 |  1.0
Bows           | 1 |  1.0
Crossbows      | 1 |  1.0
Throwing       | 1 |  1.0
Armour         | 1 |  1.0
Stealth        | 1 |  1.0
Shields        | 1 |  1.0
Spellcasting   | 5 |  5.0
Invocations    | 1 |  1.0
Evocations     | 1 |  1.0
Fighting       | |  2.6
Dodging        | |  4.6
Unarmed Combat | |  6.5
Conjurations   | |  0.7
Hexes          | |  0.7
Charms         | |  0.7
Summonings     | |  0.7
Necromancy     | |  0.7
Translocations | |  0.7
Transmutations | |  3.8
Fire Magic     | |  0.7
Ice Magic      | |  0.7
Air Magic      | |  0.7
Earth Magic    | |  0.7
Poison Magic   | |  0.7

Action                   || total
-------------------------++-------
Melee: Short sword       ||    52
       Unarmed           ||     4
       Kick              ||    15
       Bite              ||     4
       Punch             ||     1
 Cast: Beastly Appendage ||     8
       Sticks to Snakes  ||     1
Armor: Robe              ||     3
Dodge: Dodged            ||    70

Table legend:
 A = Turns spent in this place as a percentage of turns spent in the entire game.
 B = Non-inter-level travel turns spent in this place as a percentage of non-inter-level travel turns spent in the entire game.
 C = Inter-level travel turns spent in this place as a percentage of turns spent in this place.
 D = Turns resting spent in this place as a percentage of non-inter-level travel turns spent in this place.
 E = Turns spent auto-exploring this place as a percentage of non-inter-level travel turns spent in this place.
 F = Non-inter-level travel turns spent in this place divided by the number of levels of this place that you've seen.
                   A       B       C       D       E      F
               +-------+-------+-------+-------+-------+----------------------
         Total | 100.0 | 100.0 |   0.0 |   0.0 |   0.0 |  89.7
       Dungeon | 100.0 | 100.0 |   0.0 |   0.0 |   0.0 |  89.7
               +-------+-------+-------+-------+-------+----------------------

Table legend:
 A = Kills in this place as a percentage of kills in entire the game.
 B = Kills by you in this place as a percentage of kills by you in the entire game.
 C = Kills by friends in this place as a percentage of kills by friends in the entire game.
 D = Other kills in this place as a percentage of other kills in the entire game.
 E = Experience gained in this place as a percentage of experience gained in the entire game.
 F = Experience gained in this place divided by the number of levels of this place that you have seen.
                   A       B       C       D       E      F
               +-------+-------+-------+-------+-------+----------------------
         Total | 100.0 | 100.0 |   N/A |   N/A | 100.0 |  26.7
       Dungeon | 100.0 | 100.0 |   N/A |   N/A | 100.0 |  26.7
               +-------+-------+-------+-------+-------+----------------------

Vault maps used:
D:1:      co_arrival_random_square_maze
D:2:      minmay_roachtagon, lemuel_crystal_altar, lemuel_round_altar
D:3:      kennysheep_generic_room_15
